 Dungeon Crawl Stone Soup version 0.29.1-15-g9cfb28693d (webtiles) character file.

Game seed: 13953021694129978412

5140 H0rd4k the Trooper (level 10, -8/72 HPs)
             Began as an Octopode Artificer on Mar 3, 2023.
             Was an Initiate of Gozag.
             Mangled by a yak (15 damage)
             ... on level 10 of the Dungeon on Mar 6, 2023.
             The game lasted 00:17:20 (10025 turns).

H0rd4k the Trooper (Octopode Artificer)            Turns: 10025, Time: 00:17:20

Health: -8/72      AC:  1    Str: 13    XL:     10   Next: 58%
Magic:  20/20      EV: 17    Int: 18    God:    Gozag
Gold:   1269       SH:  0    Dex: 13    Spells: 18/23 levels left

rFire   x . .      SeeInvis .     - Unarmed
rCold   + . .      Faith    .   (no shield)
rNeg    . . .      Spirit   .   (helmet restricted)
rPois   +          Reflect  .   r - amulet of regeneration
rElec   .          Harm     .   k - ring of Ixuoz {rPois Str+2}
rCorr   .          Rampage  .   l - +4 ring of evasion
Will    .....                   b - ring of poison resistance
Stlth   +++.......              B - ring of wizardry
HPRegen 1.02/turn               A - ring of ice
MPRegen 0.17/turn               (no ring)
                                (no ring)
                                (no ring)

@: gold aura
A: almost no armour, amphibious, 8 rings, camouflage 1, gelatinous body 1,
(nimble swimmer 1), tentacles
a: Renounce Religion, Potion Petition, Call Merchant, Bribe Branch


You were on level 10 of the Dungeon.
You worshipped Gozag.
Gozag was most pleased with you.
You visited 2 branches of the dungeon, and saw 11 of its levels.

You collected 1322 gold pieces.
You paid 53 gold pieces to Gozag.

Inventory:

Missiles
 C - 3 throwing nets
 H - 8 poisoned darts
 I - a curare-tipped dart
Magical Staves
 o - a staff of fire
Jewellery
 b - a ring of poison resistance (on tentacle)
 k - the ring of Ixuoz (left tentacle) {rPois Str+2}
   (You found it on level 2 of the Dungeon)

   [ring of poison resistance]

   Str:       It affects your strength (+2).
   rPois:     It protects you from poison.
 l - a +4 ring of evasion (right tentacle)
 r - an amulet of regeneration (around mantle)
 y - a ring of protection from cold
 z - a ring of ice
 A - a ring of ice (on tentacle)
 B - a ring of wizardry (on tentacle)
Wands
 c - a wand of charming (15)
 j - a wand of flame (22) (quivered)
 D - a wand of mindburst (9)
Scrolls
 a - a scroll of amnesia
 d - a scroll of identify
 e - 9 scrolls of teleportation
 f - 2 scrolls of noise
 i - a scroll of magic mapping
 m - 2 scrolls of vulnerability
 s - 2 scrolls of butterflies
 t - 3 scrolls of enchant weapon
 F - a scroll of enchant armour
Potions
 g - a potion of cancellation {unknown}
 h - 7 potions of curing
 n - 3 potions of mutation {unknown}
 p - 2 potions of lignification
 q - 2 potions of resistance
 u - a potion of degeneration {unknown}
 v - 2 potions of attraction {unknown}
 w - 2 potions of magic {unknown}
 x - a potion of heal wounds {unknown}
 E - a potion of flight {unknown}
 G - a potion of ambrosia {unknown}


   Skills:
 + Level 7.9 Fighting
 + Level 7.5 Throwing
 - Level 2.3 Dodging
 - Level 1.3 Stealth
 - Level 7.2 Unarmed Combat
 * Level 7.1 Spellcasting
 + Level 1.1 Translocations
 - Level 3.2 Evocations


You had 18 spell levels left.
You knew the following spells:

 Your Spells              Type           Power      Damage    Failure   Level
a - Blink                 Tloc           20%        N/A       4%          2
b - Ozocubu's Armour      Ice            9%         N/A       13%         3

Your spell library contained the following spells:

 Spells                   Type           Power      Damage    Failure   Level
 Necrotise                Necr           24%        1d5       4%          1
 Static Discharge         Conj/Air       6%         3-4/arc   6%          2
 Lesser Beckoning         Tloc           10%        N/A       9%          3
 Portal Projectile        Hex/Tloc       16%        N/A       11%         3
 Call Canine Familiar     Summ           6%         N/A       13%         3
 Vampiric Draining        Necr           6%         2d6       13%         3
 Hailstorm                Conj/Ice       9%         3d4       38%         4
 Ice Form                 Ice/Tmut       9%         N/A       38%         4
 Leda's Liquefaction      Hex/Erth       3%         N/A       38%         4
 Manifold Assault         Tloc           10%        N/A       56%         5
 Agony                    Necr           6%         N/A       71%         5
 Lightning Bolt           Conj/Air       3%         1d14      71%         5
 Ozocubu's Refrigeration  Ice            4%         4d8       100%        7
 Maxwell's Capacitive Co  Air            3%         ∞         100%        8
 Simulacrum               Ice/Necr       Unusable   N/A       N/A         6

Dungeon Overview and Level Annotations

Branches:
Dungeon (10/15)            Temple (1/1) D:5            Lair (0/5) D:10
    Orc (0/2) D:9

Altars:
Ashenzari
Cheibriados
Dithmenos
Elyvilon
Fedhas
Gozag
Hepliaklqana
Kikubaaqudgha
Makhleb
Nemelex Xobeh
Okawaru
Qazlal
Ru
Sif Muna
Trog
Uskayaw
Vehumet
Wu Jian
Xom
Yredelemnul
Zin
The Shining One

Shops:
D:8 !

Annotations:
D:3 exclusion: downstairs
D:7 exclusions: 2 lemures and 1 more exclusion
D:8 exclusion: upstairs
D:9 exclusion: downstairs
D:10 1 runed translucent door, Merkmiralles's ghost, novice MiBe


Innate Abilities, Weirdness & Mutations

You cannot wear most types of armour.
You are amphibious.
You can wear up to eight rings at the same time.
Your skin changes colour to match your surroundings (Stealth+).
Your rubbery body absorbs attacks. (AC +1, EV +1)
((You are camouflaged when in or above water. (Stealth+)))
You have tentacles for arms and can constrict up to eight enemies at once.


Message History

You tentacle-slap the yak but do no damage.
You squeeze the yak!
The yak is moderately wounded.
The yak misses you.
You closely miss the yak. You squeeze the yak.
The yak is heavily wounded.
You barely miss the yak.
The yak is heavily wounded.
The yak gores you.
You tentacle-slap the yak. You squeeze the yak.
The yak is severely wounded.
The yak misses you.
You tentacle-slap the yak.
The yak is severely wounded.
The yak gores you!
You barely miss the yak. Your squeeze misses the yak.
The yak is severely wounded.
The yak gores you!
You barely miss the yak. You squeeze the yak.
The yak is almost dead.
The yak gores you.
You closely miss the yak. You squeeze the yak, but do no damage.
The yak is almost dead.
The yak gores you!
* * * LOW HITPOINT WARNING * * *
You barely miss the yak. You squeeze the yak.
The yak is almost dead.
The yak completely misses you.
You closely miss the yak.
The yak is almost dead.
You tentacle-slap the yak but do no damage.
You squeeze the yak.
The yak is almost dead.
The yak gores you!
* * * LOW HITPOINT WARNING * * *
You tentacle-slap the yak but do no damage.
The yak is almost dead.
The yak gores you!
You die...
Your body crumbles into a pile of gold.

#............# #.# #.########.###
#.# #.# #.# #.# #.# #.# #.#
####### ##.# #.######.##
#.....#####.>########.........#
##.....#.................####..#
.......#.#######.#######.# #..##
##'#.....# #@# #.# #....
##.##..#.# #Y#### #.# ##(#<
#...####.# #....# ##.#####.#.
.....+...# #.##.# #..........
#..(###..# #....###..#####.#.
##.##.##.#######.........#####...
.###...##.........#.##...##....##
..#.....##..##.................#
..'.....'...#####..............##


You could see a yak.

Vanquished Creatures
  Maurice (D:9)
  A wyvern (D:10)
  3 yaks
  An acid dragon (D:9)
  A warg (D:9)
  2 water moccasins
  3 black bears
  2 sky beasts (D:8)
  3 orc warriors
  3 ogres
  An ice beast (D:8)
  2 centaurs
  A phantom (D:6)
  2 kobold brigands (D:9)
  3 bullfrogs
  A gnoll sergeant (D:8)
  2 scorpions
  7 killer bees
  An electric eel (D:6)
  8 howler monkeys
  5 jellies
  6 hounds
  2 gnoll boudas
  6 orc priests
  8 orc wizards
  2 iguanas
  Ijyb (D:5)
  7 gnolls
  8 adders
  A shadow imp (D:5)
  An ufetubus (D:5)
  A dart slug (D:3)
  3 worms
  32 orcs
  9 ball pythons
  5 endoplasms
  3 giant cockroaches
  10 goblins
  5 hobgoblins
  7 quokkas
  5 bats
  3 frilled lizards (D:1)
  18 kobolds
  6 rats
202 creatures vanquished.

Vanquished Creatures (collateral kills)
  A kobold brigand (D:8)
  An orc wizard (D:8)
  7 gnolls
  An adder (D:4)
  5 orcs
  A goblin (D:4)
16 creatures vanquished.

Vanquished Creatures (others)
  2 yaks (D:9)
  A gnoll (D:8)
  18 fungi (D:6)
21 creatures vanquished.

Grand Total: 239 creatures vanquished

Notes
Turn   | Place    | Note
-------+----------+-------------------------------------------
     0 | D:1      | H0rd4k the Octopode Artificer began the quest for the Orb.
     0 | D:1      | Reached XP level 1. HP: 13/13 MP: 1/1
   413 | D:1      | Reached XP level 2. HP: 11/18 MP: 1/3
   540 | D:1      | Reached skill level 1 in Spellcasting
   925 | D:1      | Reached XP level 3. HP: 22/24 MP: 3/5
  1251 | D:1      | Found a faded altar of an unknown god.
  1252 | D:1      | Noticed a shining eye
  1253 | D:1      | Noticed an eye of devastation
  1260 | D:1      | Noticed an eye of devastation
  1270 | D:1      | Noticed an eye of devastation
  1409 | D:1      | Learned a level 2 spell: Blink
  1435 | D:2      | Identified the ring of Ixuoz {rPois Str+2}
  1844 | D:2      | Reached skill level 1 in Unarmed Combat
  2031 | D:2      | Reached XP level 4. HP: 17/30 MP: 6/6
  2395 | D:2      | Reached skill level 1 in Translocations
  3202 | D:3      | Reached XP level 5. HP: 33/35 MP: 6/8
  3411 | D:3      | Found a snail-covered altar of Cheibriados.
  3813 | D:4      | Reached XP level 6. HP: 17/42 MP: 9/9
  3891 | D:4      | Noticed a black bear
  3898 | D:4      | Killed a black bear
  4075 | D:4      | Reached XP level 7. HP: 45/46 MP: 11/11
  4267 | D:4      | Reached skill level 5 in Unarmed Combat
  4408 | D:5      | Entered Level 5 of the Dungeon
  4581 | D:5      | Found a staircase to the Ecumenical Temple.
  4587 | Temple   | Entered the Ecumenical Temple
  4694 | Temple   | Became a worshipper of Gozag Ym Sagoz the Greedy
  4787 | D:5      | Reached skill level 1 in Throwing
  4823 | D:5      | Reached XP level 8. HP: 54/54 MP: 13/13
  5064 | D:5      | Noticed Ijyb
  5099 | D:5      | Killed Ijyb
  5448 | D:6      | Found a glowing golden altar of the Shining One.
  5650 | D:6      | Found a shadowy altar of Dithmenos.
  5971 | D:6      | Found a burning altar of Makhleb.
  6052 | D:6      | Found a sacrificial altar of Ru.
  6293 | D:7      | Found a radiant altar of Vehumet.
  6312 | D:7      | Reached skill level 5 in Fighting
  6312 | D:7      | Reached XP level 9. HP: 61/61 MP: 15/15
  6468 | D:7      | Reached skill level 5 in Spellcasting
  6697 | D:8      | Noticed a hornet
  6933 | D:8      | Reached skill level 5 in Throwing
  7571 | D:9      | Found a stormy altar of Qazlal.
  7780 | D:9      | Reached XP level 10. HP: 55/69 MP: 19/19
  7841 | D:9      | Found a staircase to the Orcish Mines.
  7912 | D:9      | Found a shimmering altar of Xom.
  7926 | D:9      | Found a shimmering altar of Xom.
  7927 | D:9      | Found a shimmering altar of Xom.
  7994 | D:9      | Found an ancient bone altar of Kikubaaqudgha.
  8129 | D:9      | Noticed Maurice
  8297 | D:8      | Found Yvenal's Distillery.
  8938 | D:9      | Killed Maurice
  9054 | D:10     | Entered Level 10 of the Dungeon
  9172 | D:10     | Found an iron altar of Okawaru.
  9386 | D:10     | Found a runed translucent door.
  9386 | D:10     | Noticed Merkmiralles's ghost (novice MiBe)
  9469 | D:10     | Noticed a two-headed ogre
  9545 | D:10     | Found a staircase to the Lair.
  9852 | D:9      | Learned a level 3 spell: Ozocubu's Armour
 10025 | D:10     | Mangled by a yak

Illustrated notes

Levels and vault maps discovered:
D:1:      beargit_arrival_diablo_church, layout_basic,
          hellmonk_ecumenical_altar_watching_god, st_stairs_7,
          minmay_pentomino_q4
D:2:      layout_basic, grunt_ministairs_13, nicolae_titane
D:3:      layout_loops_cross, mainiacjoe_overflow_boulevard
D:4:      layout_gridville, minmay_diced_spiral
D:5:      layout_rooms, minmay_temple_entry_hall, uniq_ijyb
D:6:      layout_basic, kennysheep_mini, mainiacjoe_overflow_chevrons,
          mainiacjoe_overflow_six_doors_small, lemuel_round_altar,
          lightli_minifort
D:7:      cheibrodos_steamvent, layout_cave_pools, overflow_temple_1_default,
          uniq_pikel
D:8:      layout_basic, kennysheep_small_square
D:9:      layout_stronghold, xom_redecorated, grunt_qazlal_sundering,
          kiku_gazebo_pond_becter, david_orc_3, uniq_maurice
D:10:     layout_loops_ring, kennysheep_okawaru_gauntlet, lair_entry_dummy,
          ebering_ghost_inner_flame, nicolae_hexahallways, evilmike_butchery
Temple:   chequers_temple_sunken

Skill      XL: |  1  2  3  4  5  6  7  8  9 10 |
---------------+-------------------------------+-----
Spellcasting   | 1 2 3 4 6 7 |  7.1
Fighting       | 2 3 5 6 7 |  7.9
Unarmed Combat | 1 2 3 4 6 7 |  7.2
Translocations | 1 |  1.1
Throwing       | 1 4 6 7 |  7.5
Dodging        | |  2.3
Stealth        | |  1.3
Evocations     | |  3.2

Action                   |  1- 3 |  4- 6 |  7- 9 | 10-12 || total
-------------------------+-------+-------+-------+-------++-------
Melee: Unarmed           |    74 |   125 |   265 |   164 ||   628
       Constrict         |    21 |    35 |    50 |    22 ||   128
       Tentacles         |    19 |    29 |    67 |    45 ||   160
       Punch             |     2 |     7 |    21 |    11 ||    41
Throw: Dart              |       |       |    51 |       ||    51
 Cast: Blink             |       |       |       |     1 ||     1
Evoke: Wand              |     1 |    16 |    49 |     7 ||    73
  Use: Scroll            |       |       |     4 |     9 ||    13
       Potion            |       |       |       |     1 ||     1
 Stab: Sleeping          |    12 |    15 |     5 |     1 ||    33
Armor: Skin              |     7 |     2 |    10 |     2 ||    21
Dodge: Dodged            |    33 |    72 |   195 |   111 ||   411
